 Dungeon Crawl Stone Soup version 0.26-a0-649-gf8c6c3aab7 (webtiles) character file.

Game seed: 11640334490805777092

8212 flotson the Fighter (level 11, -1/92 HPs)
             Began as a Gnoll Wanderer on Sept 27, 2020.
             Was a Priest of Fedhas.
             Slain by a sixfirhy (12 damage)
             ... summoned by an obsidian statue
             ... on level 9 of the Dungeon.
             The game lasted 00:32:11 (14952 turns).

flotson the Fighter (Gnoll Wanderer)               Turns: 14952, Time: 00:32:12

Health: -1/92      AC:  9    Str: 17      XL:     11   Next: 27%
Magic:  18/20      EV: 13    Int: 15      God:    Fedhas [***...]
Gold:   512        SH: 15    Dex: 20 (21) Spells: 12/22 levels left

rFire    . . .     SeeInvis .   a - +9 broad axe
rCold    . . .     Faith    +   A - +0 tower shield
rNeg     . . .     Spirit   .   N - +2 leather armour {MR+}
rPois    .         Reflect  .   (no helmet)
rElec    .         Harm     .   C - +2 cloak {Stlth+}
rCorr    .         Rampage  .   (no gloves)
MR       +....                  (no boots)
Stlth    ++++......             y - amulet of faith
HPRegen  0.25/turn              h - +6 ring of dexterity
MPRegen  0.17/turn              (no ring)

@: flying
A: distributed training, fangs 1, strong nose
a: Wall of Briars, Grow Ballistomycete, Renounce Religion


You were on level 9 of the Dungeon.
You worshipped Fedhas.
Fedhas was most pleased with you.
You visited 2 branches of the dungeon, and saw 10 of its levels.
You also visited: Ossuary and Bailey.

You collected 705 gold pieces.
You spent 193 gold pieces at shops.

Inventory:

Hand Weapons
 a - a +9 broad axe (weapon)
 b - a +4 scimitar of flaming
 q - a +2 dagger of venom
Missiles
 G - 3 boomerangs of dispersal (quivered)
 J - 4 curare-tipped darts
Armour
 A - a +0 tower shield (worn)
 C - a +2 cloak of stealth (worn)
 N - a +2 leather armour of magic resistance (worn)
Jewellery
 g - an uncursed amulet of guardian spirit {unknown}
 h - a +6 ring of dexterity (left hand)
 y - an amulet of faith (around neck)
 F - an uncursed amulet of guardian spirit {unknown}
Wands
 I - a wand of paralysis (4)
Scrolls
 d - 3 scrolls of teleportation
 e - 2 scrolls of immolation {unknown}
 j - 2 scrolls of magic mapping {unknown}
 m - 3 scrolls of remove curse
 n - 3 scrolls of blinking {unknown}
 p - 2 scrolls of amnesia {unknown}
 u - 2 scrolls of fear {unknown}
 w - 6 scrolls of fog
 x - 5 scrolls of enchant armour {unknown}
 H - 2 scrolls of noise {unknown}
Potions
 c - 7 potions of curing
 f - 2 potions of ambrosia
 i - 2 potions of flight
 k - 3 potions of magic
 l - 3 potions of lignification
 o - 3 potions of might
 r - 3 potions of berserk rage
 s - 3 potions of brilliance
 t - 6 potions of haste
 v - a potion of stabbing
 z - a potion of invisibility
 B - 4 potions of heal wounds
 D - 2 potions of cancellation
 L - 2 potions of resistance


   Skills:
 + Level 10.4 Fighting
 + Level 6.1 Short Blades
 + Level 6.1 Long Blades
 + Level 6.1 Axes
 + Level 6.1 Maces & Flails
 + Level 6.1 Polearms
 + Level 6.1 Staves
 + Level 6.1 Slings
 + Level 6.7 Bows
 + Level 6.1 Crossbows
 + Level 6.1 Throwing
 + Level 6.7 Armour
 + Level 6.7 Dodging
 + Level 7.5 Stealth
 + Level 6.7 Shields
 + Level 6.1 Unarmed Combat
 + Level 6.1 Spellcasting
 + Level 5.1 Conjurations
 + Level 5.1 Hexes
 + Level 5.1 Summonings
 + Level 5.1 Necromancy
 + Level 5.1 Translocations
 + Level 5.1 Transmutations
 + Level 5.1 Fire Magic
 + Level 5.1 Ice Magic
 + Level 5.1 Air Magic
 + Level 5.1 Earth Magic
 + Level 5.1 Poison Magic
 + Level 6.7 Invocations
 + Level 6.1 Evocations


You had 12 spell levels left.
You knew the following spells:

 Your Spells              Type           Power        Failure   Level
a - Mephitic Cloud        Conj/Pois/Air  ###.....     56%         3
b - Olgreb's Toxic Radia  Pois           ###.....     92%         4
c - Ignite Poison         Fire/Tmut/Pois ###.....     56%         3

Your spell library contained the following spells:

 Spells                   Type           Power        Failure   Level
 Sting                    Tmut/Pois      ###.         22%         1
 Poisonous Vapours        Pois/Air       ###...       34%         2
 Bolt of Magma            Conj/Fire/Erth ###.......   99%         5
 Iskenderun's Battlesphe  Conj           ###.....     99%         5
 Iron Shot                Conj/Erth      ###.......   100%        6
 Orb of Destruction       Conj           ###.......   100%        7
 Spellforged Servitor     Conj/Summ      ###.......   100%        7


Dungeon Overview and Level Annotations

Branches:
Dungeon (9/15)             Temple (1/1) D:5         Ossuary (visited)
 Bailey (visited)
   Lair: D:8-11         Orc: D:9-12

Altars:
Elyvilon
Fedhas
Gozag
Hepliaklqana
Makhleb
Okawaru
Qazlal
Ru
Sif Muna
Trog
Uskayaw
Wu Jian
Xom
Yredelemnul
Zin
The Shining One

Shops:
D:5 *!![=

Annotations:
D:5 2 runed translucent doors, TerrariaFan's ghost, weakling TrDe
D:9 exclusion: obsidian statue


Innate Abilities, Weirdness & Mutations

Your experience applies equally to all skills.
You have very sharp teeth.
Your uncanny sense of smell can sniff out nearby items.


Message History

* * * LOW HITPOINT WARNING * * *
The sixfirhy shocks you!
* * * LOW HITPOINT WARNING * * *
The quasit is struck by your briar patch's thorns.
The quasit dies!
You block the sixfirhy's attack.
The crimson imp disappears for a moment.
You block the sixfirhy's attack.
You see here a ring of flight.
You feel much better. You block the sixfirhy's attack. x2
The sixfirhy hits you.
* * * LOW HITPOINT WARNING * * *
The sixfirhy shocks you!
* * * LOW HITPOINT WARNING * * *
The orange demon stings your briar patch but does no damage.
The orange demon hits your briar patch!
Your briar patch looks weaker.
The sixfirhy hits you!
You die...
Fedhas appreciates your contribution to the ecosystem.

#.....#
#≈≈≈##
#...[.#
##≈≈≈#
#.....#
###≈≈≈##
#.....#
##≈≈≈≈≈#
#.....#
##≈≈≈≈≈##
#.....#
#4≈5≈.##
#.....#
#PP4#8#
#.....#
#P3####
#.....#
#@.#
#######
####


You could see 2 orange demons, a sixfirhy (summoned) and a crimson imp
(summoned).

Vanquished Creatures
  A two-headed ogre (D:8)
  Pikel (D:5)
  3 orc knights (Bailey)
  Psyche (D:9)
  Grinder (D:3)
  Sigmund (D:5)
  A steam dragon (D:7)
  Menkaure (D:7)
  A water moccasin (D:6)
  An ice beast (D:8)
  11 orc warriors
  2 phantoms
  2 ogres
  2 centaurs
  4 bullfrogs
  A scorpion (D:5)
  A killer bee (D:7)
  4 electric eels (D:9)
  4 hounds
  2 quasits
  A bullfrog zombie (D:7)
  A centaur skeleton (D:8)
  A jelly (D:8)
  13 orc wizards
  7 orc priests
  4 iguanas
  Ijyb (D:3)
  Terence (D:3)
  Natasha (thrice) (D:3)
  5 worker ants
  2 hound zombies (D:8)
  A hound skeleton (D:5)
  14 mummies (Ossuary)
  A worker ant zombie (D:5)
  4 gnolls (D:7)
  9 adders
  A shadow imp (D:8)
  2 white imps
  3 ufetubi
  An ooze (D:1)
  An adder skeleton (D:8)
  2 adder zombies
  3 worms
  2 dart slugs
  4 leopard geckos
  55 orcs
  2 ball pythons
  8 bats
  8 giant cockroaches
  8 goblins
  6 hobgoblins
  8 jackals
  2 quokkas
  2 frilled lizards (D:1)
  A gnoll skeleton (Ossuary)
  2 goblin skeletons (Ossuary)
  8 kobolds
  2 kobold skeletons (Ossuary)
  A leopard gecko skeleton (D:8)
  3 orc skeletons (Ossuary)
  2 quokka skeletons
  A quokka zombie (D:7)
  4 rats
  11 rat skeletons (Ossuary)
  A rat zombie (D:7)
267 creatures vanquished.

Vanquished Creatures (collateral kills)
  Erica (D:8)
  A gargoyle (D:7)
  3 orc warriors
  3 killer bees (D:7)
  8 orcs
  13 ballistomycete spores (Bailey)
29 creatures vanquished.

Vanquished Creatures (others)
  3 ballistomycete spores
3 creatures vanquished.

Grand Total: 299 creatures vanquished

Notes
Turn   | Place    | Note
-------+----------+-------------------------------------------
     0 | D:1      | flotson the Gnoll Wanderer began the quest for the Orb.
     0 | D:1      | flotson set off with the following items: a +2 shortbow, 23
                  | arrows, a potion of curing, a scroll of teleportation, a +0
                  | robe, a +0 dagger
     0 | D:1      | Reached XP level 1. HP: 26/26 MP: 1/1
   189 | D:1      | Reached XP level 2. HP: 29/33 MP: 2/2
   418 | D:1      | Reached XP level 3. HP: 38/38 MP: 3/3
   762 | D:2      | Reached skill level 1 in Invocations
   909 | D:2      | Found a sacrificial altar of Ru.
  1052 | D:2      | Reached skill level 1 in Short Blades
  1052 | D:2      | Reached skill level 1 in Long Blades
  1052 | D:2      | Reached skill level 1 in Axes
  1052 | D:2      | Reached skill level 1 in Maces & Flails
  1052 | D:2      | Reached skill level 1 in Polearms
  1052 | D:2      | Reached skill level 1 in Staves
  1052 | D:2      | Reached skill level 1 in Slings
  1052 | D:2      | Reached skill level 1 in Crossbows
  1052 | D:2      | Reached skill level 1 in Throwing
  1052 | D:2      | Reached skill level 1 in Unarmed Combat
  1052 | D:2      | Reached skill level 1 in Spellcasting
  1052 | D:2      | Reached skill level 1 in Evocations
  1381 | D:3      | Noticed Ijyb
  1657 | D:3      | Found a white marble altar of Elyvilon.
  1702 | D:3      | Noticed Terence
  1706 | D:3      | Killed Terence
  1706 | D:3      | Reached XP level 4. HP: 45/45 MP: 5/5
  1784 | D:3      | Reached skill level 1 in Conjurations
  1784 | D:3      | Reached skill level 1 in Hexes
  1784 | D:3      | Reached skill level 1 in Summonings
  1784 | D:3      | Reached skill level 1 in Necromancy
  1784 | D:3      | Reached skill level 1 in Translocations
  1784 | D:3      | Reached skill level 1 in Transmutations
  1784 | D:3      | Reached skill level 1 in Fire Magic
  1784 | D:3      | Reached skill level 1 in Ice Magic
  1784 | D:3      | Reached skill level 1 in Air Magic
  1784 | D:3      | Reached skill level 1 in Earth Magic
  1784 | D:3      | Reached skill level 1 in Poison Magic
  1888 | D:3      | Noticed Natasha
  1896 | D:3      | Killed Natasha
  1902 | D:3      | Reached XP level 5. HP: 32/51 MP: 6/6
  1979 | D:3      | Noticed Grinder
  2784 | D:4      | Reached XP level 6. HP: 52/57 MP: 8/8
  3138 | D:5      | Entered Level 5 of the Dungeon
  3261 | D:5      | Found Potec's Distillery.
  3280 | D:5      | Found Doixoir's Distillery.
  3647 | D:5      | Found Detsock's Assorted Antiques.
  3654 | D:5      | Noticed Pikel
  3693 | D:5      | Killed Pikel
  3693 | D:5      | Reached skill level 9 in Fighting
  3693 | D:5      | Reached skill level 5 in Stealth
  3693 | D:5      | Reached XP level 7. HP: 11/64 MP: 9/11
  3699 | D:5      | Reached XP level 8. HP: 9/71 MP: 9/12
  3993 | D:5      | Bought an inky potion for 24 gold pieces
  3993 | D:5      | Bought a scroll labeled VUIBAKO CUSARA for 27 gold pieces
  3993 | D:5      | Bought a scroll labeled MEON RASTRYSA for 27 gold pieces
  3993 | D:5      | Bought a scroll labeled TAELEI LECRU for 27 gold pieces
  4014 | D:5      | Found a runed translucent door.
  4017 | D:5      | Noticed TerrariaFan's ghost (weakling TrDe)
  4099 | D:5      | Noticed Sigmund
  4114 | D:5      | Killed Sigmund
  4451 | D:5      | Bought a potion of heal wounds for 55 gold pieces
  4451 | D:5      | Bought a potion of lignification for 33 gold pieces
  4469 | D:5      | Found a staircase to the Ecumenical Temple.
  4478 | Temple   | Entered the Ecumenical Temple
  4599 | Temple   | Became a worshipper of Fedhas Madash
  4698 | D:5      | Found Imikhlupy's Antique Armour Shop.
  4912 | D:5      | Found Xoimenwu's Jewellery Emporium.
  4977 | D:5      | Found a runed translucent door.
  5138 | D:3      | Killed Ijyb
  5373 | D:3      | Paralysed by Grinder for 7 turns
  5391 | D:3      | Killed Grinder
  5820 | D:3      | Noticed Natasha
  5825 | D:3      | Killed Natasha
  5884 | D:3      | Found a white marble altar of Elyvilon.
  6112 | D:3      | Noticed Natasha
  6115 | D:3      | Killed Natasha
  6754 | D:5      | Found Doixoir's Distillery.
  6893 | D:5      | Found a runed translucent door.
  6915 | D:5      | Found Detsock's Assorted Antiques.
  6945 | D:5      | Found Potec's Distillery.
  6973 | D:5      | Found a staircase to the Ecumenical Temple.
  6982 | D:5      | Found Imikhlupy's Antique Armour Shop.
  7065 | D:5      | Found a runed translucent door.
  7090 | D:5      | Found Xoimenwu's Jewellery Emporium.
  7299 | D:6      | Found a bloodstained altar of Trog.
  7313 | D:6      | Reached XP level 9. HP: 76/76 MP: 14/14
  7331 | D:6      | Reached * piety under Fedhas
  7759 | D:6      | Learned a level 3 spell: Mephitic Cloud
  7764 | D:6      | Learned a level 4 spell: Olgreb's Toxic Radiance
  7768 | D:6      | Learned a level 3 spell: Ignite Poison
  8269 | D:7      | Reached skill level 5 in Bows
  8269 | D:7      | Reached skill level 5 in Armour
  8269 | D:7      | Reached skill level 5 in Dodging
  8269 | D:7      | Reached skill level 5 in Shields
  8689 | D:7      | Found a glowing golden altar of the Shining One.
  8727 | D:7      | Found a sand-covered staircase.
  8740 | Ossuary  | Entered an ossuary
  8925 | Ossuary  | Reached ** piety under Fedhas
  9220 | Ossuary  | Reached *** piety under Fedhas
  9284 | Ossuary  | Reached skill level 5 in Invocations
  9803 | D:7      | Noticed a gargoyle
  9822 | D:7      | Killed a gargoyle
  9822 | D:7      | Reached XP level 10. HP: 66/85 MP: 11/17
  9922 | D:7      | Noticed Menkaure
 10436 | D:7      | Killed Menkaure
 10436 | D:7      | Reached skill level 5 in Short Blades
 10436 | D:7      | Reached skill level 5 in Long Blades
 10436 | D:7      | Reached skill level 5 in Axes
 10436 | D:7      | Reached skill level 5 in Maces & Flails
 10436 | D:7      | Reached skill level 5 in Polearms
 10436 | D:7      | Reached skill level 5 in Staves
 10436 | D:7      | Reached skill level 5 in Slings
 10436 | D:7      | Reached skill level 5 in Crossbows
 10436 | D:7      | Reached skill level 5 in Throwing
 10436 | D:7      | Reached skill level 5 in Unarmed Combat
 10436 | D:7      | Reached skill level 5 in Spellcasting
 10436 | D:7      | Reached skill level 5 in Evocations
 10713 | D:8      | Found a flagged portal.
 10743 | Bailey   | Entered a bailey
 10949 | Bailey   | Reached skill level 10 in Fighting
 11160 | Bailey   | Noticed an orc knight
 11224 | Bailey   | Killed an orc knight
 11276 | Bailey   | Noticed an orc knight
 11341 | Bailey   | Killed an orc knight
 11341 | Bailey   | Noticed an orc knight
 11349 | Bailey   | Killed an orc knight
 12861 | D:8      | Noticed a two-headed ogre
 12903 | D:8      | Killed a two-headed ogre
 12903 | D:8      | Reached XP level 11. HP: 22/92 MP: 15/19
 13667 | D:9      | Noticed Erica
 13893 | D:9      | Noticed Psyche
 13909 | D:9      | Killed Psyche
 14133 | D:9      | Noticed a +0 dagger
 14133 | D:9      | Noticed a +0 hand axe
 14134 | D:9      | Found a hide-covered altar of Uskayaw.
 14328 | D:8      | Killed Erica
 14328 | D:8      | Reached skill level 5 in Conjurations
 14328 | D:8      | Reached skill level 5 in Hexes
 14328 | D:8      | Reached skill level 5 in Summonings
 14328 | D:8      | Reached skill level 5 in Necromancy
 14328 | D:8      | Reached skill level 5 in Translocations
 14328 | D:8      | Reached skill level 5 in Transmutations
 14328 | D:8      | Reached skill level 5 in Fire Magic
 14328 | D:8      | Reached skill level 5 in Ice Magic
 14328 | D:8      | Reached skill level 5 in Air Magic
 14328 | D:8      | Reached skill level 5 in Earth Magic
 14328 | D:8      | Reached skill level 5 in Poison Magic
 14929 | D:9      | Noticed an obsidian statue
 14931 | D:9      | Found the amulet of the Four Winds {rN+ MR+++ Clar}
 14931 | D:9      | Noticed a sixfirhy
 14951 | D:9      | HP: 2/92 [sixfirhy[an obsidian statue] (12)]
 14952 | D:9      | Slain by a sixfirhy

Illustrated notes

Levels and vault maps discovered:
D:1:      lightli_arrival_lavapool, layout_basic, minmay_misc_feat_iff,
          serial_park_tiny_pond, minmay_small_reverse_x
D:2:      layout_loops_ring, nicolae_ru_sacrificial_ziggurat
D:3:      layout_rooms, elyvilon_altar_5, uniq_ijyb, uniq_terence, uniq_natasha,
          uniq_grinder
D:4:      layout_basic
D:5:      layout_loops_ring, minmay_temple_entry_drinking_statues, serial_shops,
          kennysheep_mini_moat, nicolae_shop_stone, kennysheep_mini, shop, shop,
          ebering_ghost_sewer_f, uniq_pikel, uniq_sigmund
D:6:      layout_loops_ring, trog_butcher_becter
D:7:      layout_gridville, enter_ossuary_4, basic_altar, uniq_menkaure
D:8:      layout_cave_pods, enter_bailey_3
D:9:      statuecave_lemuel, layout_basic, dancing_weapons_uskayaw,
          kennysheep_nub, uniq_psyche, uniq_erica
Temple:   regret_index_temple_sigil_plot

Skill      XL: |  1  2  3  4  5  6  7  8  9 10 11 |
---------------+----------------------------------+-----
Invocations    | 1 2 3 4 5 6 |  6.7
Short Blades   | 1 2 3 4 5 6 |  6.1
Long Blades    | 1 2 3 4 5 6 |  6.1
Axes           | 1 2 3 4 5 6 |  6.1
Maces & Flails | 1 2 3 4 5 6 |  6.1
Polearms       | 1 2 3 4 5 6 |  6.1
Staves         | 1 2 3 4 5 6 |  6.1
Slings         | 1 2 3 4 5 6 |  6.1
Crossbows      | 1 2 3 4 5 6 |  6.1
Throwing       | 1 2 3 4 5 6 |  6.1
Unarmed Combat | 1 2 3 4 5 6 |  6.1
Spellcasting   | 1 2 3 4 5 6 |  6.1
Evocations     | 1 2 3 4 5 6 |  6.1
Conjurations   | 1 2 3 4 5 |  5.1
Hexes          | 1 2 3 4 5 |  5.1
Summonings     | 1 2 3 4 5 |  5.1
Necromancy     | 1 2 3 4 5 |  5.1
Translocations | 1 2 3 4 5 |  5.1
Transmutations | 1 2 3 4 5 |  5.1
Fire Magic     | 1 2 3 4 5 |  5.1
Ice Magic      | 1 2 3 4 5 |  5.1
Air Magic      | 1 2 3 4 5 |  5.1
Earth Magic    | 1 2 3 4 5 |  5.1
Poison Magic   | 1 2 3 4 5 |  5.1
Bows           | 3 4 5 6 |  6.7
Armour         | 3 4 5 6 |  6.7
Dodging        | 3 4 5 6 |  6.7
Shields        | 3 4 5 6 |  6.7
Fighting       | 9 10 | 10.4
Stealth        | 5 6 7 |  7.5

Action                   |  1- 3 |  4- 6 |  7- 9 | 10-12 || total
-------------------------+-------+-------+-------+-------++-------
Melee: Trident           |       |   113 |   375 |   370 ||   858
       Punch             |       |     3 |     3 |       ||     6
       Bite              |       |    17 |    52 |    60 ||   129
       Scimitar          |       |       |       |    44 ||    44
       Broad axe         |       |       |       |    12 ||    12
 Fire: Shortbow          |   106 |    76 |   139 |       ||   321
Invok: Wall of Briars    |       |       |     4 |    16 ||    20
       Grow Ballistomyce |       |       |     1 |     4 ||     5
Evoke: Wand              |       |       |     1 |    24 ||    25
  Use: Scroll            |       |     1 |    15 |    15 ||    31
       Potion            |       |       |       |     3 ||     3
 Stab: Sleeping          |       |       |    14 |     5 ||    19
       Distracted        |       |       |     3 |       ||     3
       Confused          |       |       |       |     3 ||     3
       Paralysed         |       |       |       |     3 ||     3
Armor: Scale mail        |    15 |    62 |   129 |   133 ||   339
       Leather armour    |       |       |       |     8 ||     8
Dodge: Dodged            |    18 |    83 |   151 |   135 ||   387
Block: Tower shield      |       |       |   158 |   374 ||   532
       Rpst.: Scimitar   |       |       |       |     1 ||     1

Table legend: (Time is in decaauts)
 A = Elapsed time spent in this place.
 B = Non-inter-level travel time spent in this place.
 C = Inter-level travel time spent in this place.
 D = Time resting spent in this place.
 E = Time spent auto-exploring this place.
 F = Levels seen in this place.
 G = Mean time per level.
                   A        B        C        D        E       F      G
               +--------+--------+--------+--------+--------+-----+--------+
         Total |  15215 |  14715 |    500 |   2612 |   9116 |  12 | 1267.9 |
       Dungeon |  12969 |  12494 |    475 |   1966 |   8163 |   9 | 1441.0 |
        Temple |    141 |    116 |     25 |      0 |    100 |   1 |  141.0 |
       Ossuary |    638 |    638 |      0 |    180 |    254 |   1 |  638.0 |
        Bailey |   1465 |   1465 |      0 |    466 |    599 |   1 | 1465.0 |
               +--------+--------+--------+--------+--------+-----+--------+

Top non-repeatable levels by time:
     D:5: 2045 daAuts
     D:8: 1957 daAuts
     D:7: 1892 daAuts
     D:4: 1825 daAuts
  Bailey: 1465 daAuts
     D:2: 1378 daAuts
     D:3: 1297 daAuts
     D:6: 1020 daAuts
     D:9: 933 daAuts
 Ossuary: 638 daAuts
     D:1: 620 daAuts
  Temple: 141 daAuts
